 Dungeon Crawl Stone Soup version 0.31-a0-640-g39d97e502b (webtiles) character file.

Game seed: 1826322903741612182

9521 qw the Skirmisher (level 11, -8/71 HPs)
             Began as a Gargoyle Hunter on Aug 27, 2023.
             Was a Priest of Okawaru.
             Mangled by a komodo dragon (15 damage)
             ... on level 1 of the Lair of Beasts.
             The game lasted 00:04:50 (8333 turns).

qw the Skirmisher (Gargoyle Hunter)                 Turns: 8333, Time: 00:04:51

Health: -8/71      AC: 22    Str: 16    XL:     11   Next: 47%
Magic:  14/14      EV: 16    Int:  9    God:    Okawaru [***...]
Gold:   557        SH:  0    Dex: 17    Spells: 10/10 levels left

rFire   . . .        Y - +0 orcbow (flame)
rCold   + + +        (shield currently unavailable)
rNeg    + . .        b - +0 acid dragon scales
rPois   inf          a - +1 helmet
rElec   +            (no cloak)
rCorr   +            c - +2 pair of gloves
SInv    .            (no boots)
Will    .....        s - amulet of faith
Stlth   +++          p - ring of protection from cold
HPRegen 0.31/turn    l - ring of protection from cold
MPRegen 0.14/turn

%: faith
@: heroic
A: sickness immunity, AC +8, negative energy resistance 1, electricity
resistance, torment resistance 1, petrification resistance, cold resistance 1,
mutation resistance 1
a: Renounce Religion, Heroism


You were on level 1 of the Lair of Beasts.
You worshipped Okawaru.
Okawaru was most pleased with you.
You visited 3 branches of the dungeon, and saw 11 of its levels.
You also visited: Ossuary.

You collected 557 gold pieces.


Innate Abilities, Weirdness & Mutations

You are immune to sickness and miasma.
Your stone body is resilient. (AC +8)
You are immune to poison.
You resist negative energy. (rN+)
You are resistant to electric shocks. (rElec)
You are resistant to unholy torment.
You are immune to petrification.
Your flesh is cold resistant. (rC+)
You are somewhat resistant to further mutation.


   Skills:
 + Level 9.4(14.4) Fighting
 - Level 14.1(19.1) Ranged Weapons
 - Level 5.1(10.1) Armour
 - Level 4.0(9.0) Dodging
 - Level 1.1(6.1) Stealth
 - Level 4.0 Invocations


You had 10 spell levels left.
You didn't know any spells.
Your spell library was empty.

Inventory:

Hand Weapons
 Y - a +0 orcbow of flaming (weapon)
Armour
 a - a +1 helmet (worn)
 b - +0 acid dragon scales (worn)
 c - a +2 pair of gloves (worn)
Jewellery
 e - an amulet of reflection
 f - a ring of positive energy
 l - a ring of protection from cold (right hand)
 o - a ring of positive energy
 p - a ring of protection from cold (left hand)
 s - an amulet of faith (around neck)
Wands
 d - a wand of digging (3)
Scrolls
 h - 2 scrolls of identify
Potions
 g - 4 potions of mutation
 i - 8 potions of curing
 k - 3 potions of cancellation
 m - a potion of magic
 r - a potion of enlightenment

Dungeon Overview and Level Annotations

Branches:
Dungeon (9/15)             Temple (1/1) D:4            Lair (1/5) D:9
Ossuary (visited)
    Orc: D:9-12

Altars:
Ashenzari
Cheibriados
Dithmenos
Elyvilon
Fedhas
Gozag
Hepliaklqana
Kikubaaqudgha
Nemelex Xobeh
Okawaru
Qazlal
Ru
Sif Muna
Trog
Uskayaw
Vehumet
Wu Jian
Yredelemnul
Zin
The Shining One


Message History

The yak is heavily wounded.
The wyvern bites you. The water moccasin barely misses you.
You shoot an arrow. The arrow hits the yak!
The arrow burns the yak!
The yak is almost dead.
The wyvern bites you but does no damage.
The water moccasin barely misses you. The yak closely misses you.
You shoot an arrow. The arrow hits the yak!
The arrow burns the yak.
You kill the yak!
Okawaru accepts your kill. The wyvern barely misses you.
The water moccasin barely misses you. The wyvern misses you.
You shoot an arrow. The arrow hits the komodo dragon!
The arrow burns the komodo dragon.
The komodo dragon is moderately wounded.
The water moccasin completely misses you.
The komodo dragon bites you!
The wyvern bites you but does no damage.
The water moccasin bites you but does no damage.
You shoot an arrow. The arrow hits the komodo dragon.
The arrow burns the komodo dragon.
The komodo dragon is heavily wounded.
The wyvern bites you!
The komodo dragon bites you but does no damage.
The water moccasin closely misses you.
You shoot an arrow. The arrow hits the komodo dragon!
The arrow burns the komodo dragon.
The komodo dragon is almost dead.
The wyvern misses you.
The water moccasin bites you but does no damage.
The komodo dragon bites you!
You shoot an arrow.
The arrow hits the komodo dragon but does no damage.
The komodo dragon is almost dead.
The wyvern barely misses you. The water moccasin closely misses you.
You shoot an arrow.
The arrow hits the komodo dragon but does no damage.
The komodo dragon is almost dead.
The wyvern bites you but does no damage.
The komodo dragon bites you!
You die...

.......#
......##
.......#
#......#
#.....#
.....# #.l##
# #@S.#.###
##l.....#
#.#%.......
..S....#..#.
###..........
#.........)
P.Y..#.....
#..######...
... #..


You could see a komodo dragon, a water moccasin and a wyvern.

Vanquished Creatures
  A two-headed ogre (D:9)
  2 death yaks (Lair:1)
  3 komodo dragons
  2 wyverns
  11 yaks
  An unseen horror simulacrum (D:9)
  3 basilisks (D:9)
  A steam dragon (D:8)
  An acid dragon (D:9)
  4 water moccasins
  3 black bears
  2 ice beasts
  A swamp drake (D:9)
  An orc warrior (D:9)
  2 ogres
  6 centaurs
  2 phantoms (D:6)
  An elf zombie (Ossuary)
  A kobold brigand (D:8)
  6 bullfrogs
  A gnoll sergeant (D:9)
  A scorpion (D:7)
  4 wights (D:9)
  2 killer bees (D:9)
  2 electric eels (D:9)
  A howler monkey (D:8)
  4 human zombies (Ossuary)
  7 centaur zombies (Ossuary)
  A gnoll bouda (D:7)
  A jelly (D:6)
  5 orc priests
  2 sleepcaps
  Jessica (D:3)
  7 iguanas
  Natasha (twice) (D:2)
  11 orc wizards
  3 mummies (Ossuary)
  Robin (D:3)
  10 adders
  8 gnolls
  A shadow imp (D:6)
  5 white imps
  3 ufetubi
  2 worms
  2 dart slugs (D:3)
  34 orcs
  10 ball pythons
  11 endoplasms
  2 giant cockroaches
  22 goblins
  9 hobgoblins
  18 jackals
  13 kobolds
  5 quokkas
  4 bats
  A frilled lizard (D:1)
  A rat (D:3)
  2 rat zombies (D:7)
273 creatures vanquished.

Vanquished Creatures (others)
  An orc wizard (D:9)
1 creature vanquished.

Grand Total: 274 creatures vanquished

Notes
Turn   | Place    | Note
-------+----------+-------------------------------------------
     0 | D:1      | qw the Gargoyle Hunter began the quest for the Orb.
     0 | D:1      | Reached XP level 1. HP: 12/12 MP: 1/1
     0 | D:1      | 0 ||| qw: Version: 0.3-a-74-g0d5e918
     0 | D:1      | 0 ||| qw: Game counter: 132
     0 | D:1      | 0 ||| qw: Melee chars always use a shield: true
     0 | D:1      | 0 ||| qw: God list: Okawaru
     0 | D:1      | 0 ||| qw: Allow faded altars: false
     0 | D:1      | 0 ||| qw: Do Orc after clearing Dungeon:15 true
     0 | D:1      | 0 ||| qw: Do second Lair branch before Depths: true
     0 | D:1      | 0 ||| qw: Lair rune preference: random
     0 | D:1      | 0 ||| qw: Goals: Normal
     0 | D:1      | 0 ||| PLANNING D:1-11
   296 | D:1      | Reached XP level 2. HP: 11/17 MP: 2/2
   740 | D:1      | 740 ||| READING scroll labelled KYIZA HAIKINUUM.
   741 | D:1      | 741 ||| READING scroll labelled ZOYFATEKKAT.
   742 | D:1      | 742 ||| READING 2 scrolls labelled DOYRACKO TOEQAY.
   743 | D:1      | 743 ||| READING scroll labelled UMUCKU XAAGUC.
   744 | D:1      | 744 ||| READING scroll labelled NIOKHE AVUSHET.
   747 | D:1      | 747 ||| READING scroll labelled XUYLITIATZ.
   748 | D:1      | 748 ||| DROPPING scroll of butterflies.
   887 | D:2      | Noticed Natasha
   892 | D:2      | Killed Natasha
   893 | D:2      | Reached skill level 5 in Ranged Weapons
   893 | D:2      | Reached XP level 3. HP: 19/21 MP: 3/3
   914 | D:2      | Found a sparkling altar of Nemelex Xobeh.
   990 | D:2      | Reached XP level 4. HP: 27/27 MP: 4/4
  1223 | D:2      | Noticed Natasha
  1230 | D:2      | Killed Natasha
  1231 | D:2      | Reached skill level 3 in Fighting
  1465 | D:2      | 1465 ||| READING scroll labelled XATTUI JIEMI.
  1466 | D:2      | 1466 ||| READING scroll labelled LANOJISEIL.
  1467 | D:2      | 1467 ||| DRINKING 2 silvery potions.
  1468 | D:2      | 1468 ||| READING 2 scrolls of identify.
  1468 | D:2      | 1468 ||| IDENTIFYING sapphire potion
  1469 | D:2      | 1469 ||| DROPPING potion of ambrosia.
  1517 | D:3      | Noticed Robin
  1525 | D:3      | Killed Robin
  1526 | D:3      | Reached XP level 5. HP: 28/32 MP: 5/5
  1668 | D:3      | Reached skill level 6 in Ranged Weapons
  2055 | D:3      | Noticed Jessica
  2060 | D:3      | Killed Jessica
  2136 | D:3      | Found a broken altar of Ashenzari.
  2217 | D:3      | 2217 ||| UPGRADING to +0 helmet.
  2299 | D:4      | Noticed a black bear
  2313 | D:4      | Killed a black bear
  2314 | D:4      | Reached XP level 6. HP: 16/38 MP: 6/6
  2516 | D:4      | Found a shimmering blue altar of Sif Muna.
  2690 | D:4      | Found a staircase to the Ecumenical Temple.
  2691 | D:4      | 2691 ||| PLANNING TEMPLE
  2691 | D:4      | 2691 ||| UPGRADING to +0 ring mail.
  2701 | D:4      | 2701 ||| DROPPING +0 leather armour.
  2702 | D:4      | 2702 ||| UPGRADING to amulet of reflection.
  2707 | D:4      | 2707 ||| DRINKING 2 fizzy orange potions.
  2707 | D:4      | Gained mutation: You are somewhat resistant to further
                  | mutation. [potion of mutation]
  2707 | D:4      | Gained mutation: Your flesh is cold resistant. (rC+)
                  | [potion of mutation]
  2708 | D:4      | 2708 ||| DRINKING 2 fizzy emerald potions.
  2709 | D:4      | 2709 ||| DROPPING potion of invisibility.
  2720 | D:4      | 2720 ||| READING scroll of enchant armour.
  2720 | D:4      | 2720 ||| ENCHANTING +0 helmet.
  2722 | Temple   | Entered the Ecumenical Temple
  2723 | Temple   | 2723 ||| PLANNING D:1-11
  2922 | D:4      | 2922 ||| UPGRADING to +0 pair of gloves.
  2932 | D:5      | Entered Level 5 of the Dungeon
  3156 | D:5      | Reached XP level 7. HP: 43/43 MP: 7/7
  3248 | D:5      | Reached skill level 7 in Ranged Weapons
  3260 | D:5      | Found a sparkling altar of Nemelex Xobeh.
  3311 | D:5      | 3311 ||| DRINKING 4 potions of curing.
  3311 | D:5      | 3311 ||| (to cure confusion)
  3312 | D:5      | 3312 ||| DRINKING 3 potions of curing.
  3312 | D:5      | 3312 ||| (to cure confusion)
  3318 | D:5      | HP: 10/43 [orc priest/+2 trident of flaming (3)]
  3319 | D:5      | 3319 ||| READING scroll of teleportation.
  3403 | D:5      | 3403 ||| FLEEEEING.
  3404 | D:5      | 3404 ||| FLEEEEING.
  3405 | D:5      | 3405 ||| FLEEEEING.
  3406 | D:5      | 3406 ||| FLEEEEING.
  3407 | D:5      | 3407 ||| FLEEEEING.
  3408 | D:5      | 3408 ||| FLEEEEING.
  3409 | D:5      | 3409 ||| FLEEEEING.
  3410 | D:5      | 3410 ||| FLEEEEING.
  3413 | D:5      | 3413 ||| STAIRDANCE
  3459 | D:4      | 3459 ||| UPGRADING to ring of positive energy.
  3501 | D:5      | Found a basalt altar of Yredelemnul.
  3504 | D:5      | Found a shadowy altar of Dithmenos.
  3582 | D:5      | Found a sacrificial altar of Ru.
  3776 | D:6      | Reached skill level 8 in Ranged Weapons
  3822 | D:6      | Found an iron altar of Okawaru.
  3823 | D:6      | 3823 ||| PLANNING OKAWARU WORSHIP
  3835 | D:6      | Became a worshipper of Warmaster Okawaru
  3836 | D:6      | 3836 ||| PLANNING D:1-11
  3856 | D:6      | 3856 ||| READING scroll of enchant armour.
  3856 | D:6      | 3856 ||| ENCHANTING +0 pair of gloves.
  3919 | D:6      | Reached XP level 8. HP: 47/49 MP: 8/8
  4122 | D:6      | 4122 ||| FLEEEEING.
  4123 | D:6      | 4123 ||| FLEEEEING.
  4124 | D:6      | 4124 ||| FLEEEEING.
  4126 | D:6      | 4126 ||| FLEEEEING.
  4127 | D:6      | 4127 ||| FLEEEEING.
  4131 | D:6      | 4131 ||| FLEEEEING.
  4137 | D:6      | 4137 ||| FLEEEEING.
  4138 | D:6      | 4138 ||| FLEEEEING.
  4139 | D:6      | 4139 ||| FLEEEEING.
  4140 | D:6      | 4140 ||| FLEEEEING.
  4141 | D:6      | 4141 ||| FLEEEEING.
  4142 | D:6      | 4142 ||| FLEEEEING.
  4148 | D:6      | 4148 ||| FLEEEEING.
  4149 | D:6      | 4149 ||| FLEEEEING.
  4150 | D:6      | 4150 ||| FLEEEEING.
  4151 | D:6      | 4151 ||| FLEEEEING.
  4152 | D:6      | 4152 ||| FLEEEEING.
  4153 | D:6      | 4153 ||| FLEEEEING.
  4162 | D:6      | 4162 ||| FLEEEEING.
  4163 | D:6      | 4163 ||| FLEEEEING.
  4164 | D:6      | 4164 ||| STAIRDANCE
  4217 | D:5      | 4217 ||| UPGRADING to ring of protection from cold.
  4235 | D:6      | Reached skill level 9 in Ranged Weapons
  4291 | D:6      | Reached * piety under Okawaru
  4356 | D:6      | 4356 ||| SWAPPING to +0 orcbow.
  4357 | D:6      | 4357 ||| DROPPING +1 shortbow.
  4418 | D:6      | 4418 ||| INVOKING Heroism.
  4426 | D:6      | Reached skill level 6 in Fighting
  4426 | D:6      | Reached skill level 1 in Invocations
  4563 | D:6      | 4563 ||| INVOKING Heroism.
  4751 | D:6      | 4751 ||| READING scroll labelled SIWAMY ETAAGGOE.
  4752 | D:6      | 4752 ||| READING scroll labelled UCKODIF MOTI.
  4753 | D:6      | 4753 ||| READING scroll labelled NUQATOTROEQO.
  4791 | D:7      | 4791 ||| PLANNING OSSUARY
  4797 | D:7      | 4797 ||| STAIRDANCE
  4801 | D:6      | Reached skill level 3 in Invocations
  4801 | D:6      | Reached XP level 9. HP: 55/55 MP: 11/11
  4803 | D:7      | 4803 ||| STAIRDANCE
  4899 | D:7      | 4899 ||| INVOKING Heroism.
  4901 | D:7      | 4901 ||| Stepping ~*~*~tactically~*~*~ (outnumbered).
  5086 | D:7      | Reached skill level 10 in Ranged Weapons
  5092 | D:7      | Reached skill level 3 in Armour
  5288 | D:7      | 5288 ||| INVOKING Heroism.
  5427 | D:7      | 5427 ||| INVOKING Heroism.
  5445 | D:7      | Found a sand-covered staircase.
  5446 | D:7      | 5446 ||| DROPPING +1 pair of gloves.
  5447 | D:7      | 5447 ||| UPGRADING to ring of protection from cold.
  5460 | Ossuary  | Entered an ossuary
  5608 | Ossuary  | Reached ** piety under Okawaru
  5657 | Ossuary  | 5657 ||| READING scroll of brand weapon.
  5657 | Ossuary  | 5657 ||| BRANDING +0 orcbow of freezing.
  5661 | Ossuary  | 5661 ||| READING scroll labelled KOSOYQ ODIP.
  5662 | Ossuary  | 5662 ||| DRINKING 2 viscous silvery potions.
  5663 | Ossuary  | 5663 ||| READING 3 scrolls of identify.
  5663 | Ossuary  | 5663 ||| IDENTIFYING fuming golden potion
  5664 | Ossuary  | 5664 ||| READING 2 scrolls of identify.
  5664 | Ossuary  | 5664 ||| IDENTIFYING sedimented silvery potion
  5665 | Ossuary  | 5665 ||| DROPPING potion of brilliance.
  5666 | Ossuary  | 5666 ||| DROPPING potion of attraction.
  5667 | Ossuary  | 5667 ||| DROPPING potion of degeneration.
  5681 | D:7      | 5681 ||| PLANNING D:1-11
  5751 | D:8      | Reached skill level 11 in Ranged Weapons
  5836 | D:8      | 5836 ||| INVOKING Heroism.
  5974 | D:8      | 5974 ||| READING scroll of enchant armour.
  5974 | D:8      | 5974 ||| ENCHANTING +1 pair of gloves.
  6064 | D:8      | 6064 ||| RETREATING.
  6067 | D:8      | 6067 ||| INVOKING Heroism.
  6070 | D:8      | 6070 ||| Stepping ~*~*~tactically~*~*~ (cloud).
  6078 | D:8      | Reached skill level 3 in Dodging
  6226 | D:8      | Found a glowing golden altar of the Shining One.
  6296 | D:8      | 6296 ||| Stepping ~*~*~tactically~*~*~ (outnumbered).
  6299 | D:8      | 6299 ||| Stepping ~*~*~tactically~*~*~ (outnumbered).
  6301 | D:8      | 6301 ||| Stepping ~*~*~tactically~*~*~ (outnumbered).
  6304 | D:8      | 6304 ||| Stepping ~*~*~tactically~*~*~ (outnumbered).
  6306 | D:8      | 6306 ||| Stepping ~*~*~tactically~*~*~ (outnumbered).
  6324 | D:8      | Found a white marble altar of Elyvilon.
  6480 | D:8      | 6480 ||| Stepping ~*~*~tactically~*~*~ (outnumbered).
  6481 | D:8      | 6481 ||| INVOKING Heroism.
  6486 | D:8      | Reached XP level 10. HP: 63/63 MP: 10/13
  6567 | D:8      | 6567 ||| READING 3 scrolls labelled JYTZUC VEFUTI.
  6568 | D:8      | 6568 ||| READING 2 scrolls of identify.
  6568 | D:8      | 6568 ||| IDENTIFYING orange potion
  6569 | D:8      | 6569 ||| DROPPING 2 scrolls of blinking.
  6594 | D:9      | Noticed a two-headed ogre
  6595 | D:9      | 6595 ||| INVOKING Heroism.
  6605 | D:9      | Killed a two-headed ogre
  6606 | D:9      | Reached skill level 9 in Fighting
  6640 | D:9      | 6640 ||| Stepping ~*~*~tactically~*~*~ (retreating).
  6654 | D:9      | 6654 ||| INVOKING Heroism.
  6766 | D:9      | 6766 ||| INVOKING Heroism.
  6791 | D:9      | 6791 ||| INVOKING Heroism.
  6843 | D:9      | 6843 ||| Stepping ~*~*~tactically~*~*~ (water).
  6845 | D:9      | 6845 ||| INVOKING Heroism.
  6901 | D:9      | 6901 ||| INVOKING Heroism.
  6904 | D:9      | HP: 15/66 [acid dragon/splash of acid (24)]
  6905 | D:9      | 6905 ||| READING 2 scrolls of teleportation.
  6906 | D:9      | 6906 ||| DRINKING potion of heal wounds.
  6909 | D:9      | 6909 ||| FLEEEEING.
  6910 | D:9      | 6910 ||| FLEEEEING.
  6922 | D:9      | Reached skill level 12 in Ranged Weapons
  7279 | D:9      | 7279 ||| Stepping ~*~*~tactically~*~*~ (outnumbered).
  7280 | D:9      | 7280 ||| Stepping ~*~*~tactically~*~*~ (retreating).
  7281 | D:9      | 7281 ||| Stepping ~*~*~tactically~*~*~ (retreating).
  7289 | D:9      | 7289 ||| FLEEEEING.
  7290 | D:9      | 7290 ||| FLEEEEING.
  7291 | D:9      | 7291 ||| DRINKING 9 potions of curing.
  7291 | D:9      | 7291 ||| (to cure confusion)
  7298 | D:9      | 7298 ||| FLEEEEING.
  7299 | D:9      | 7299 ||| FLEEEEING.
  7300 | D:9      | 7300 ||| FLEEEEING.
  7301 | D:9      | 7301 ||| FLEEEEING.
  7302 | D:9      | 7302 ||| FLEEEEING.
  7307 | D:9      | 7307 ||| Stepping ~*~*~tactically~*~*~ (retreating).
  7364 | D:9      | Found an ancient bone altar of Kikubaaqudgha.
  7366 | D:9      | Found a blossoming altar of Fedhas.
  7434 | D:9      | 7434 ||| RETREATING.
  7676 | D:9      | 7676 ||| INVOKING Heroism.
  7680 | D:9      | Reached skill level 13 in Ranged Weapons
  7689 | D:9      | Reached XP level 11. HP: 71/71 MP: 12/14
  7709 | D:9      | Found a staircase to the Lair.
  7729 | D:9      | 7729 ||| INVOKING Heroism.
  7901 | D:9      | 7901 ||| PLANNING LAIR
  7901 | D:9      | 7901 ||| UPGRADING to +0 acid dragon scales.
  7911 | D:9      | 7911 ||| DROPPING +0 ring mail.
  7912 | D:9      | 7912 ||| UPGRADING to amulet of faith.
  7922 | D:9      | 7922 ||| READING scroll labelled HUUSAA ISITU.
  7923 | D:9      | 7923 ||| DRINKING 4 glowing inky potions.
  7924 | D:9      | 7924 ||| READING 4 scrolls of identify.
  7924 | D:9      | 7924 ||| IDENTIFYING fizzy dark potion
  7925 | D:9      | 7925 ||| READING 3 scrolls of identify.
  7925 | D:9      | 7925 ||| IDENTIFYING inky potion
  7955 | Lair:1   | Entered Level 1 of the Lair of Beasts
  7965 | Lair:1   | Noticed a death yak
  7966 | Lair:1   | 7966 ||| INVOKING Heroism.
  7971 | Lair:1   | 7971 ||| RETREATING.
  7985 | Lair:1   | Killed a death yak
  8046 | Lair:1   | 8046 ||| Stepping ~*~*~tactically~*~*~ (retreating).
  8047 | Lair:1   | 8047 ||| Stepping ~*~*~tactically~*~*~ (retreating).
  8050 | Lair:1   | Reached *** piety under Okawaru
  8053 | Lair:1   | 8053 ||| Stepping ~*~*~tactically~*~*~ (retreating).
  8054 | Lair:1   | 8054 ||| Stepping ~*~*~tactically~*~*~ (retreating).
  8054 | Lair:1   | Noticed a death yak
  8055 | Lair:1   | 8055 ||| Stepping ~*~*~tactically~*~*~ (retreating).
  8063 | Lair:1   | 8063 ||| INVOKING Heroism.
  8096 | Lair:1   | HP: 16/71 [death yak (6)]
  8097 | Lair:1   | 8097 ||| READING scroll of teleportation.
  8101 | Lair:1   | 8101 ||| INVOKING Heroism.
  8102 | Lair:1   | Killed a death yak
  8103 | Lair:1   | Reached skill level 14 in Ranged Weapons
  8298 | Lair:1   | 8298 ||| RETREATING.
  8308 | Lair:1   | 8308 ||| INVOKING Heroism.
  8317 | Lair:1   | 8317 ||| Stepping ~*~*~tactically~*~*~ (retreating).
  8330 | Lair:1   | HP: 14/71 [wyvern (7)]
  8333 | Lair:1   | Mangled by a komodo dragon

Levels and vault maps discovered:
D:1:      dpeg_arrival_simpleton_a, layout_basic, minmay_tromino_v7
D:2:      layout_basic, basic_altar, minmay_misc_feat_ornament, uniq_natasha
D:3:      layout_loops_cross, lemuel_tele_altar, amcnicky_mini_corridor_feature,
          uniq_jessica, uniq_robin
D:4:      cheibrodos_greedy_goblins, layout_rooms, lemuel_blue_sif_altar,
          minmay_temple_entry_wispy, ebering_dispersal_statue_hall
D:5:      layout_cave_pools, nicolae_overflow_squiral, kennysheep_mini,
          mainiacjoe_overflow_catwalk
D:6:      minmay_general_purpose_star, layout_cave_pools,
          mainiacjoe_overflow_tiny_flanked, serial_column_ruins,
          column_ruins_square_small, column_ruins_hut_pillars,
          column_ruins_corridor_straight, column_ruins_grid_1,
          column_ruins_open_small, column_ruins_open_medium,
          dreamdust_princess_bridge
D:7:      layout_basic, enter_ossuary_4
D:8:      nicolae_cairo_tiling_large_dashed, layout_basic,
          mainiacjoe_overflow_small_starburst, tso_metal_star
D:9:      layout_basic, grunt_temple_overflow_growth_and_decay,
          erik_lair_dragon, serial_ice, serial_ice_a, serial_ice_f,
          serial_ice_j, serial_ice_o, minmay_circle_x
Temple:   grunt_temple_mini_profane
Lair:1:   layout_misc_corridors

Skill      XL: |  1  2  3  4  5  6  7  8  9 10 11 |
---------------+----------------------------------+-----
Ranged Weapons | 5 6 8 9 11 13 14 | 14.1
Fighting       | 3 4 5 6 7 9 |  9.4
Armour         | 2 3 4 5 |  5.1
Dodging        | 2 3 4 |  4.0
Invocations    | 3 4 |  4.0
Stealth        | |  1.1

Action                     |  1- 3 |  4- 6 |  7- 9 | 10-12 || total
---------------------------+-------+-------+-------+-------++-------
   Fire: Shortbow          |    84 |   255 |   229 |       ||   568
         Orcbow            |       |       |   284 |   329 ||   613
 Invoke: Heroism           |       |       |     8 |    12 ||    20
    Use: Scroll            |     6 |     4 |    10 |     7 ||    27
         Potion            |       |     3 |     3 |     3 ||     9
 Armour: Leather armour    |    14 |    49 |       |       ||    63
         Ring mail         |       |    25 |   180 |    50 ||   255
         Acid dragon scale |       |       |       |    49 ||    49
  Dodge: Dodged            |    23 |   112 |   168 |   137 ||   440
  Block: Other             |       |    11 |    95 |    23 ||   129
         Reflection        |       |       |     8 |       ||     8

Table legend:
 A = Non-vault XP
 B = Vault XP
 C = Vault XP percentage of total XP
 D = Non-vault monster count
 E = Vault monster count
 F = Vault count percentage of total count
                 A         B        C        D         E       F
            +---------+---------+-------+---------+---------+-------
      Total |   10050 |    3552 |  26.1 |     202 |      71 |  26.0
            +---------+---------+-------+---------+---------+-------
        D:1 |      25 |       5 |  16.7 |      14 |       3 |  17.6
        D:2 |      85 |      36 |  29.8 |      20 |       1 |   4.8
        D:3 |      75 |      72 |  49.0 |      18 |      13 |  41.9
        D:4 |     184 |      21 |  10.2 |      22 |      11 |  33.3
        D:5 |     467 |       0 |   0.0 |      28 |       0 |   0.0
        D:6 |    1241 |     156 |  11.2 |      20 |       5 |  20.0
        D:7 |     925 |       2 |   0.2 |      22 |       2 |   8.3
        D:8 |     861 |       0 |   0.0 |      24 |       0 |   0.0
        D:9 |    2265 |    2630 |  53.7 |      20 |      21 |  51.2
     Lair:1 |    3922 |       0 |   0.0 |      14 |       0 |   0.0
    Ossuary |       0 |     630 | 100.0 |       0 |      15 | 100.0
            +---------+---------+-------+---------+---------+-------
